 Dungeon Crawl Stone Soup version 0.25-a0-668-gea548f19b6 (webtiles) character file.

Game seed: 2078521304330102952, levelgen mode: deterministic

2261 magipi the Chucker (level 9, 0/103 HPs)
             Began as a Demonspawn Hunter on Mar 29, 2020.
             Was a Believer of Okawaru.
             Slain by Harold
             ... wielding a +5 dire flail of protection
              (10 damage)
             ... on level 9 of the Dungeon.
             The game lasted 00:26:34 (8259 turns).

magipi the Chucker (Demonspawn Hunter)              Turns: 8259, Time: 00:26:35

Health: 0/103      AC: 14    Str: 16    XL:     9   Next: 15%
Magic:  9/9        EV: 12    Int: 12    God:    Okawaru [**....]
Gold:   330        SH:  0    Dex: 14    Spells: 8/8 levels left

rFire    . . .     SeeInvis +   a - +2 long sword (drain)
rCold    + . .     Gourm    .   (no shield)
rNeg     . . .     Faith    .   l - +2 scale mail {rC+}
rPois    .         Spirit   .   (helmet restricted)
rElec    .         Reflect  .   (no cloak)
rCorr    .         Harm     .   (no gloves)
MR       .....                  (no boots)
Stlth    ..........             F - amulet of magic regeneration
HPRegen  1.27/turn              u - ring of flight
MPRegen  0.36/turn              i - ring of see invisible

@: mighty, berserking, marked, sanguine armour, very slightly contaminated,
invisible (expiring), very quick
A: horns 1, talons 1, powered by death 2, rot immunity, sanguine armour 1
a: Heroism, Renounce Religion, Evoke Flight


You were on level 9 of the Dungeon.
You worshipped Okawaru.
Okawaru was pleased with you.
You were hungry.

You visited 2 branches of the dungeon, and saw 10 of its levels.
You also visited: Sewer.

You collected 526 gold pieces.
You spent 196 gold pieces at shops.

Inventory:

Hand Weapons
 a - a +2 long sword of draining (weapon)
   (You found it on level 5 of the Dungeon)
 b - a +0 trident
   (You found it on level 5 of the Dungeon)
 z - a cursed -1 war axe
   (You found it in a sewer)
 C - a +1 quarterstaff
   (You found it on level 3 of the Dungeon)
Missiles
 c - 3 javelins (quivered)
 d - a throwing net
 q - 2 atropa-tipped darts
 y - 9 poisoned darts
 E - 2 silver boomerangs
Armour
 l - a +2 scale mail of cold resistance (worn)
   (You bought it in a shop on level 4 of the Dungeon)
 n - a +2 helmet
   (You took it off Robin on level 2 of the Dungeon)
 o - a +1 leather armour of poison resistance
   (You found it on level 2 of the Dungeon)
Jewellery
 i - a ring of see invisible (right hand)
   (You found it on level 4 of the Dungeon)
 r - an uncursed ring of ice
   (You found it on level 4 of the Dungeon)
 u - a ring of flight (left hand)
   (You found it on level 3 of the Dungeon)
 F - an amulet of magic regeneration (around neck)
   (You found it on level 4 of the Dungeon)
Scrolls
 h - 2 scrolls of enchant weapon
 k - 3 scrolls of teleportation
 m - 3 scrolls of magic mapping
 p - 2 scrolls of enchant armour
 t - 4 scrolls of remove curse
 w - 2 scrolls of blinking
 x - a scroll of fog
 B - a scroll of vulnerability
 H - a scroll of brand weapon {unknown}
Potions
 e - 4 potions of mutation
 g - a potion of curing
 v - 4 potions of stabbing
 D - a potion of brilliance
 G - a potion of berserk rage
 I - a potion of cancellation
Comestibles
 f - 7 rations


   Skills:
 + Level 6.1 Fighting
 + Level 3.1 Long Blades
 + Level 7.6 Throwing
 + Level 3.1 Armour
 + Level 5.5 Dodging
 - Level 0.8 Stealth


You had 8 spell levels left.
You didn't know any spells.
Your spell library was empty.

Dungeon Overview and Level Annotations

Branches:
Dungeon (9/15)             Temple (1/1) D:5           Sewer (visited)
   Lair: D:8-11         Orc: D:9-12

Altars:
Ashenzari
Cheibriados
Dithmenos
Elyvilon
Fedhas
Gozag
Hepliaklqana
Kikubaaqudgha
Makhleb
Nemelex Xobeh
Okawaru
Qazlal
Ru
Sif Muna
Trog
Uskayaw
Vehumet
Wu Jian
Xom
Yredelemnul
Zin
The Shining One

Shops:
D:4 [

Annotations:
D:3 3 runed translucent doors, dig, MisterFreud's ghost, amateur GnAM
D:8 Grum
D:9 Harold; Maggie


Innate Abilities, Weirdness & Mutations

You regenerate health from kills.
You are immune to rotting.
When seriously injured, your bleeding wounds create armour. (AC +6)
You have a pair of small horns on your head.
You have sharp toenails.


Message History

The silver javelin pierces through the orc warrior!
You kill the orc warrior!
Okawaru accepts your kill.
The silver javelin barely misses Harold.
The silver javelin barely misses the orc. x2
Unknown command.
Unknown command.
An orc comes into view. It is wielding a +0 dagger.
Things that are here:
a +0 dire flail; a +0 plate armour; an orc corpse Throwing (i - inventory. (/) - cycle)
j - 3 silver javelins (quivered)
Press: ? - help, Shift-Dir - straight line, f - Harold
Aim: Harold, wielding a +5 dire flail of protection, wearing a +2 chain mail of poison resistance and quivering 3 throwing nets You throw a silver javelin.
The orc shouts!
The silver javelin pierces through Harold.
Harold is lightly wounded.
The silver javelin pierces through the orc!
You kill the orc!
Okawaru accepts your kill.
The silver javelin pierces through the orc but does no damage.
The orc is lightly wounded.
The orc shouts!
Throwing (i - inventory. (/) - cycle)
j - 2 silver javelins (quivered)
Press: ? - help, Shift-Dir - straight line, f/p - Harold
Aim: Harold, wielding a +5 dire flail of protection, wearing a +2 chain mail of poison resistance and quivering 3 throwing nets (lightly wounded)
You throw a silver javelin.
The silver javelin pierces through Harold but does no damage.
Harold is lightly wounded.
The silver javelin pierces through the orc!
You kill the orc!
Okawaru accepts your kill.
The silver javelin pierces through the orc!
You kill the orc!
Okawaru accepts your kill.
Unknown command.
Throwing (i - inventory. (/) - cycle)
j - a silver javelin (quivered)
Press: ? - help, Shift-Dir - straight line, f/p - Harold
Aim: Harold, wielding a +5 dire flail of protection, wearing a +2 chain mail of poison resistance and quivering 3 throwing nets (lightly wounded)
You throw a silver javelin.
The silver javelin barely misses Harold.
Harold throws a throwing net.
The throwing net misses you.
Unknown command.
You are feeling hungry.
Harold throws a throwing net.
The throwing net hits you.
You become entangled in the net!
Items here: (( ) † a throwing net; a +0 flail; a throwing net; an orc corpse You tear a large gash into the net.
Harold hits you with a +5 dire flail of protection!
You struggle against the net.
You struggle against the net.
Harold hits you with a +5 dire flail of protection!
An orc warrior comes into view. It is wielding a +0 mace.
You shred the net and break free!
The orc warrior shouts!
You hear a shout!
Harold casts a spell at you. A sentinel's mark forms upon you.
You hit Harold but do no damage. You claw Harold, but do no damage.
You headbutt Harold!
Harold is lightly wounded.
Harold hits you with a +5 dire flail of protection!!
Your blood congeals into armour.
Maggie the Vainglorious comes into view.
She is wielding a +0 glaive of pain and carrying a wand of acid (6).
Harold hits you with a +5 dire flail of protection!
You closely miss Harold.
Harold is lightly wounded.
Harold barely misses you.
Throwing (i - inventory. (/) - cycle)
c - 4 javelins (quivered)
Press: ? - help, Shift-Dir - straight line, f - Maggie, p - Harold
Aim: Maggie, wielding a +0 glaive of pain, wearing +0 swamp dragon scales and carrying a wand of acid (6)
You throw a javelin. The javelin pierces through Harold!!
Harold is heavily wounded.
The javelin pierces through the orc warrior but does no damage.
The javelin closely misses Maggie.
Harold hits you with a +5 dire flail of protection!
* * * LOW HITPOINT WARNING * * *
Unknown command.
Unknown command.
Unknown command.
It was a potion of berserk rage.
A red film seems to cover your vision as you go berserk!
You feel yourself moving faster!
You feel mighty!
Harold hits you with a +5 dire flail of protection!
* * * LOW HITPOINT WARNING * * *
Unknown command.
Unknown command.
Unknown command.
Unknown command.
Unknown command.
Unknown command.
You slice Harold!! You drain Harold.
Harold is severely wounded.
An orc comes into view. It is wielding a +0 mace.
Unknown command.
You hit Harold but do no damage. Your kick misses Harold.
Harold is severely wounded.
You flicker for a moment.
Harold hits you with a +5 dire flail of protection!
You die...

.. #. .# .@ ###. ..o ##
#.## #.
#o################### #.
##(.@o@@).).(.......# #.
#?###########.#####.###>
#.# #.)..###...##. #.
#.#.###.....## #
#.#.##.......#
#.......<.....
#....#.......#
###....##.....##
#............##


You could see Harold, Maggie, an orc warrior and an orc.

Vanquished Creatures
  Grinder (D:4)
  Eustachio (D:5)
  Purgy (Sewer)
  2 orc warriors
  2 ogres
  An ice beast (D:7)
  A phantom (D:7)
  A centaur (D:6)
  3 wolves (D:9)
  3 scorpions
  A killer bee (D:9)
  2 crimson imps
  A gnoll shaman (D:6)
  3 hounds
  A jelly (D:7)
  Jessica (D:2)
  An iguana (D:7)
  3 worker ants
  2 orc wizards
  2 hound skeletons
  A worker ant zombie (D:5)
  Robin (D:2)
  A howler monkey skeleton (D:5)
  7 adders
  14 gnolls
  A shadow imp (D:6)
  2 oozes
  An adder zombie (D:8)
  An adder skeleton (D:5)
  6 worms
  4 dart slugs
  2 leopard geckos
  15 orcs
  5 giant cockroaches
  20 goblins
  11 hobgoblins
  5 kobolds
  6 quokkas
  A ball python (D:3)
  9 bats
  A frilled lizard (Sewer)
  A quokka skeleton (D:4)
  10 rats
158 creatures vanquished.

Vanquished Creatures (others)
  An orc (D:9)
1 creature vanquished.

Grand Total: 159 creatures vanquished

Notes
Turn   | Place    | Note
-------+----------+-------------------------------------------
     0 | D:1      | magipi the Demonspawn Hunter began the quest for the Orb.
     0 | D:1      | Reached XP level 1. HP: 16/16 MP: 1/1
   188 | D:1      | Gained mutation: You regenerate a little health from kills.
                  | [demonic ancestry]
   188 | D:1      | Reached XP level 2. HP: 19/22 MP: 2/2
   285 | D:1      | Reached skill level 4 in Throwing
   886 | D:1      | Gained mutation: When seriously injured, your bleeding
                  | wounds create armour. (AC +6) [demonic ancestry]
   886 | D:1      | Reached XP level 3. HP: 28/28 MP: 3/3
  1611 | D:2      | Gained mutation: You are immune to rotting. [demonic
                  | ancestry]
  1611 | D:2      | Reached XP level 4. HP: 34/34 MP: 4/4
  1900 | D:2      | Noticed Robin
  1973 | D:2      | Killed Robin
  1973 | D:2      | Reached XP level 5. HP: 28/41 MP: 5/5
  2156 | D:2      | Noticed Jessica
  2172 | D:2      | Killed Jessica
  2172 | D:2      | Reached skill level 5 in Throwing
  2427 | D:3      | Found a runed translucent gate.
  2427 | D:3      | Found a runed translucent gate.
  2427 | D:3      | Found a runed translucent gate.
  2428 | D:3      | Noticed MisterFreud's ghost (amateur GnAM)
  3344 | D:3      | Found a glowing silver altar of Zin.
  3386 | D:3      | Gained mutation: You regenerate health from kills. [demonic
                  | ancestry]
  3386 | D:3      | Reached XP level 6. HP: 33/47 MP: 6/6
  3554 | D:3      | Found a white marble altar of Elyvilon.
  3556 | D:3      | Found a burning altar of Makhleb.
  3672 | D:4      | Found Vuxziom's Antique Armour Shop.
  3682 | D:4      | Bought a runed scale mail for 196 gold pieces
  3763 | D:4      | Found a glowing drain.
  3790 | Sewer    | Entered a sewer
  3941 | Sewer    | Noticed Purgy
  3951 | Sewer    | Gained mutation: You have a pair of small horns on your
                  | head. [potion of mutation]
  3951 | Sewer    | Gained mutation: You have sharp toenails. [potion of
                  | mutation]
  3969 | Sewer    | Killed Purgy
  4179 | D:4      | Noticed a moth of wrath
  4182 | D:4      | Found a bloodstained altar of Trog.
  4249 | D:4      | Got a smoking hand axe
  4676 | D:4      | Noticed Grinder
  4678 | D:4      | Paralysed by Grinder for 7 turns
  4694 | D:4      | Killed Grinder
  4694 | D:4      | Reached skill level 6 in Throwing
  4694 | D:4      | Reached XP level 7. HP: 15/55 MP: 7/7
  5128 | D:5      | Entered Level 5 of the Dungeon
  5326 | D:5      | Identified the +9 hand axe "Ypozageh" {freeze, rF- Str+2
                  | Int+6} (You found it on level 4 of the Dungeon)
  5386 | D:5      | Found a staircase to the Ecumenical Temple.
  5394 | Temple   | Entered the Ecumenical Temple
  5409 | Temple   | Became a worshipper of Warmaster Okawaru
  5588 | D:5      | Noticed Eustachio
  5606 | D:5      | Killed Eustachio
  5980 | D:5      | Found a snail-covered altar of Cheibriados.
  6101 | D:6      | Reached XP level 8. HP: 56/61 MP: 8/8
  6136 | D:6      | Reached skill level 5 in Fighting
  6220 | D:6      | Reached * piety under Okawaru
  6220 | D:6      | Reached skill level 1 in Long Blades
  6220 | D:6      | Reached skill level 7 in Throwing
  6220 | D:6      | Reached skill level 1 in Armour
  6631 | D:6      | Found a hide-covered altar of Uskayaw.
  6838 | D:6      | Found a shimmering altar of Xom.
  7178 | D:7      | Reached skill level 5 in Dodging
  7554 | D:7      | Reached ** piety under Okawaru
  7911 | D:8      | Noticed a queen bee
  7990 | D:8      | Noticed Grum
  8009 | D:9      | Reached XP level 9. HP: 23/69 MP: 9/9
  8228 | D:9      | Noticed Harold
  8254 | D:9      | Noticed Maggie
  8259 | D:9      | Slain by Harold

Levels and vault maps discovered:
D:1:      grunt_arrival_crossed_arrows, layout_basic
D:2:      layout_rooms, uniq_jessica, uniq_robin
D:3:      minmay_evil_eye, layout_loops_ring, nicolae_overflow_hidden_temple,
          zin_treasury, gammafunk_ghost_split, first_ration
D:4:      layout_gridville, serial_shops, shop, cheibrodos_sewer_entry_bend,
          tgw_trog, uniq_grinder
D:5:      layout_basic, kennysheep_slug_shrine, minmay_temple_entry_trees,
          uniq_eustachio
D:6:      layout_basic, basic_altar, tgw_xom
D:7:      layout_basic
D:8:      layout_cave_pods, david_nohive_1, uniq_grum
D:9:      layout_loops_ring, lemuel_crystal_altar, gammafunk_ghost_necromancy,
          nicolae_ru_sacrificial_ziggurat, uniq_maggie, uniq_harold, uniq_erica
Temple:   eino_temple_rhombus

Skill      XL: |  1  2  3  4  5  6  7  8  9 |
---------------+----------------------------+-----
Dodging        | 2 3 4 5 |  5.5
Throwing       | 4 5 6 7 |  7.6
Fighting       | 3 4 5 6 |  6.1
Long Blades    | 2 3 |  3.1
Armour         | 2 3 |  3.1
Stealth        | |  0.8

Action                   |  1- 3 |  4- 6 |  7- 9 || total
-------------------------+-------+-------+-------++-------
Melee: Short sword       |    45 |       |       ||    45
       Spear             |    70 |    97 |       ||   167
       Quarterstaff      |       |   129 |    34 ||   163
       Unarmed           |       |    12 |       ||    12
       Kick              |       |    10 |    62 ||    72
       Headbutt          |       |     6 |    37 ||    43
       Long sword        |       |       |   167 ||   167
Throw: Javelin           |     8 |     4 |     6 ||    18
       Dart              |     4 |    44 |    27 ||    75
       Throwing net      |     2 |       |       ||     2
  Use: Scroll            |       |    11 |     7 ||    18
       Potion            |       |     3 |     3 ||     6
 Stab: Distracted        |     1 |       |       ||     1
       Held in net/web   |     1 |       |       ||     1
       Invisible         |       |       |     2 ||     2
  Eat: Chunk             |     2 |    10 |     8 ||    20
       Ration            |       |       |     1 ||     1
Armor: Leather armour    |    25 |    18 |       ||    43
       Chain mail        |       |    51 |       ||    51
       Skin              |       |    47 |       ||    47
       Scale mail        |       |    37 |   100 ||   137
Dodge: Dodged            |    80 |   116 |   136 ||   332
       Rpst.: Long sword |       |       |    31 ||    31

Table legend:
 A = Non-vault XP
 B = Vault XP
 C = Vault XP percentage of total XP
 D = Non-vault monster count
 E = Vault monster count
 F = Vault count percentage of total count
                 A         B        C        D         E       F
            +---------+---------+-------+---------+---------+-------
      Total |    2093 |    1138 |  35.2 |     118 |      40 |  25.3
            +---------+---------+-------+---------+---------+-------
        D:1 |      60 |       0 |   0.0 |      23 |       0 |   0.0
        D:2 |     120 |      75 |  38.5 |      18 |      14 |  43.8
        D:3 |     126 |       3 |   2.3 |      15 |       2 |  11.8
        D:4 |      89 |     284 |  76.1 |       7 |       7 |  50.0
        D:5 |     263 |     185 |  41.3 |       9 |       2 |  18.2
        D:6 |     681 |      11 |   1.6 |      23 |       5 |  17.9
        D:7 |     526 |       0 |   0.0 |      14 |       0 |   0.0
        D:8 |       8 |       0 |   0.0 |       2 |       0 |   0.0
        D:9 |     220 |     418 |  65.5 |       7 |       4 |  36.4
      Sewer |       0 |     162 | 100.0 |       0 |       6 | 100.0
            +---------+---------+-------+---------+---------+-------

Action                   |  1- 3 |  4- 6 |  7- 9 || total
-------------------------+-------+-------+-------++-------
Melee: Short sword       |    45 |       |       ||    45
       Spear             |    70 |    97 |       ||   167
       Quarterstaff      |       |   129 |    34 ||   163
       Unarmed           |       |    12 |       ||    12
       Kick              |       |    10 |    62 ||    72
       Headbutt          |       |     6 |    37 ||    43
       Long sword        |       |       |   167 ||   167
Throw: Javelin           |     8 |     4 |     6 ||    18
       Dart              |     4 |    44 |    27 ||    75
       Throwing net      |     2 |       |       ||     2
  Use: Scroll            |       |    11 |     7 ||    18
       Potion            |       |     3 |     3 ||     6
 Stab: Distracted        |     1 |       |       ||     1
       Held in net/web   |     1 |       |       ||     1
       Invisible         |       |       |     2 ||     2
  Eat: Chunk             |     2 |    10 |     8 ||    20
       Ration            |       |       |     1 ||     1
Armor: Leather armour    |    25 |    18 |       ||    43
       Chain mail        |       |    51 |       ||    51
       Skin              |       |    47 |       ||    47
       Scale mail        |       |    37 |   100 ||   137
Dodge: Dodged            |    80 |   116 |   136 ||   332
       Rpst.: Long sword |       |       |    31 ||    31
